 Dungeon Crawl Stone Soup version 0.21-a0-513-gdcb3f5e (webtiles) character file.

164 sagitran the Bolt Thrower (level 5, -4/32 HPs)
             Began as a Kobold Hunter on Dec 1, 2017.
             Killed themself with a badly aimed iceblast (13 damage)
             ... on level 3 of the Dungeon.
             The game lasted 00:08:17 (1247 turns).

sagitran the Bolt Thrower (Kobold Hunter)           Turns: 1247, Time: 00:08:18

Health: -4/32      AC:  5    Str: 10    XL:     5   Next: 73%
Magic:  5/5        EV: 15    Int: 13    God:
Gold:   192        SH:  0    Dex: 15    Spells: 4/4 levels left

rFire    . . .     SeeInvis .   s - +4 short sword
rCold    . . .     Gourm    .   (shield restricted)
rNeg     . . .     Faith    .   c - +1 leather armour
rPois    .         Spirit   .   (no helmet)
rElec    .         Reflect  .   (no cloak)
rCorr    .         Harm     .   b - +0 pair of gloves
MR       .....                  (no boots)
Stlth    ++........             (no amulet)
HPRegen  0.10/turn              (no ring)
MPRegen  0.09/turn              (no ring)

@: no status effects
A: small, carnivore 3
a: no special abilities


You were on level 3 of the Dungeon.
You were very full.

You visited 1 branch of the dungeon, and saw 3 of its levels.

You collected 192 gold pieces.

Inventory:

Hand Weapons
 a - a +1 hand crossbow
 s - a +4 short sword (weapon)
Missiles
 d - 42 bolts
 e - 2 throwing nets (quivered)
Armour
 b - a +0 pair of gloves (worn)
 c - a +1 leather armour (worn)
Wands
 w - a wand of random effects (32)
Scrolls
 g - 6 scrolls of identify
 i - a scroll of enchant armour
 m - 2 scrolls of remove curse
 q - a scroll of enchant weapon {unknown}
 r - a scroll of blinking {unknown}
 t - a scroll of immolation {unknown}
 u - a scroll of teleportation {unknown}
Potions
 h - a potion of heal wounds {unknown}
 j - a potion of degeneration {unknown}
 k - a potion of invisibility {unknown}
 n - a potion of resistance {unknown}
 o - a potion of curing {unknown}
 p - a potion of brilliance {unknown}
 v - a potion of berserk rage {unknown}
Comestibles
 f - a meat ration
 l - 18 chunks of flesh


   Skills:
 + Level 3.0 Fighting
 + Level 2.4 Short Blades
 + Level 6.4 Crossbows
 + Level 0.6 Armour
 + Level 3.1 Dodging
 + Level 1.9 Stealth


You had 4 spell levels left.
You didn't know any spells.

Dungeon Overview and Level Annotations

Branches:
Dungeon (3/15)

Altars:
Fedhas
Sif Muna


Innate Abilities, Weirdness & Mutations

You are small and have problems with some larger weapons.
You are carnivorous and can eat meat at any time.


Message History

You closely miss the orc priest.
The orc priest is heavily wounded.
The orc priest mumbles some strange prayers to Beogh against you.
You barely resist.
The orc hits you with a whip of electrocution.
You are electrocuted!
Ouch! That really hurt!
* * * LOW HITPOINT WARNING * * *
Evoke which item? (* to show all) (? for menu, Esc to quit)
Okay, then.
Okay, then.
Evoke which item? (* to show all) (? for menu, Esc to quit)
Aiming: Random Effects
Press: ? - help, Shift-Dir - straight line, f/p - orc priest
Aim: an orc priest, wielding a flail (heavily wounded)
The mass of ice explodes!
The iceblast engulfs the orc priest.
You kill the orc priest!
Your Fighting skill increases to level 3!
The iceblast engulfs you!
You die...

#.<.......###....
..............##.
##.....##)....###
#####......)..#
##........##
##........#
########.....#<.
####...)...........
#)@..#####.......##
...()(o####
#.......# #######
#.......# ##.....##
##...## #####


You could see an orc.

Vanquished Creatures
  An orc priest (D:3)
  An orc wizard (D:3)
  3 adders
  2 oozes
  A dart slug (D:1)
  3 leopard geckos
  9 orcs (D:3)
  2 ball pythons
  2 giant cockroaches
  3 goblins
  5 hobgoblins
  6 jackals (D:2)
  7 kobolds
  7 bats
  A frilled lizard (D:2)
  3 rats
56 creatures vanquished.

Notes
Turn   | Place    | Note
-------+----------+-------------------------------------------
     0 | D:1      | sagitran the Kobold Hunter began the quest for the Orb.
     0 | D:1      | Reached XP level 1. HP: 12/12 MP: 1/1
   142 | D:1      | Reached skill level 5 in Crossbows
   146 | D:1      | Reached XP level 2. HP: 15/17 MP: 2/2
   304 | D:1      | Reached XP level 3. HP: 15/21 MP: 3/3
   488 | D:2      | Found a blossoming altar of Fedhas.
   731 | D:2      | Reached skill level 1 in Short Blades
   742 | D:2      | Reached XP level 4. HP: 27/27 MP: 4/4
   786 | D:2      | Found a deep blue altar of Sif Muna.
  1038 | D:3      | Reached skill level 6 in Crossbows
  1079 | D:3      | Reached XP level 5. HP: 27/31 MP: 5/5
  1247 | D:3      | Killed themself with a badly aimed iceblast

Vault maps used:
D:1:      lemuel_arrival_muddy
D:2:      led_sif_pool, fedhas_altar_2
D:3:      nicolae_overflow_hidden_temple, overflow_temple_1_default

Skill      XL: |  1  2  3  4  5 |
---------------+----------------+-----
Crossbows      | 5 6 |  6.4
Short Blades   | 1 2 |  2.4
Dodging        | 3 |  3.1
Fighting       | 3 |  3.0
Armour         | |  0.6
Stealth        | |  1.9

Action                   |  1- 3 |  4- 6 || total
-------------------------+-------+-------++-------
Melee: Short sword       |    50 |    48 ||    98
 Fire: Hand crossbow     |    28 |    32 ||    60
  Use: Scroll            |     1 |     2 ||     3
 Stab: Sleeping          |       |     3 ||     3
  Eat: Chunk             |     8 |     1 ||     9
Armor: Leather armour    |    25 |     7 ||    32
Dodge: Dodged            |    71 |    39 ||   110

Table legend:
 A = Spawn XP
 B = Non-spawn XP
 C = Spawn XP percentage of total XP
 D = Spawn monster count
 E = Non-spawn monster count
 F = Spawn count percentage of total count
 G = Total turns spent on level
                    A         B        C        D         E        F      G
               +---------+---------+-------+---------+---------+-------+---------
         Total |       0 |     235 |   0.0 |       0 |      56 |   0.0 |  1247
               +---------+---------+-------+---------+---------+-------+---------
           D:1 |       0 |      30 |   0.0 |       0 |      13 |   0.0 |   451
           D:2 |       0 |      59 |   0.0 |       0 |      21 |   0.0 |   528
           D:3 |       0 |     146 |   0.0 |       0 |      22 |   0.0 |   268
               +---------+---------+-------+---------+---------+-------+---------
